 Dungeon Crawl Stone Soup version 0.14.1-1-g650416f (webtiles) character file.

573 Heema the Basher (level 6, -2/76 HPs)
             Began as a Minotaur Berserker on May 14, 2014.
             Was a Priest of Trog.
             Slain by a phantom (5 damage)
             ... on Level 4 of the Dungeon.
             The game lasted 00:15:09 (3333 turns).

Heema the Basher (Minotaur Berserker)               Turns: 3333, Time: 00:15:09

HP  -2/76        AC  9     Str 27      XL: 6   Next: 34%
MP   3/3         EV 10     Int  4      God: Trog [***...]
Gold 221         SH  0     Dex 11      Spells:  0 memorised,  5 levels left

rFire  . . .     SeeInvis .     w - +1 mace (crush)
rCold  . . .     Clarity  .     n - +0 ring mail
rNeg   . . .     Conserve .     (no shield)
rPois  .         rCorr    .     (helmet restricted)
rElec  .         rRot     .     r - +0 cloak
SustAb . .       Spirit   .     (no gloves)
rMut   .         Warding  .     s - +2 pair of boots
Saprov . . .     Stasis   .     (no amulet)
MR     .....                    (no ring)
                                (no ring)

@: berserking, very quick, not resistant to hostile enchantments, extremely
unstealthy
A: retaliatory headbutt, horns 2
a: Burn Spellbooks, Berserk, Trog's Hand, Renounce Religion


You were on level 4 of the Dungeon.
You worshipped Trog.
Trog was most pleased with you.
You were not hungry.

You visited 1 branch of the dungeon, and saw 5 of its levels.

You collected 221 gold pieces.

Inventory:

Hand weapons
 a - a +0,+0 mace
 w - a +1,+1 mace of crushing (weapon)
Armour
 b - a +0 animal skin
 n - a +0 ring mail (worn)
 r - a +0 cloak (worn)
 s - a +2 pair of boots (worn)
Magical devices
 j - a wand of cold (12) {unknown}
Comestibles
 c - 2 bread rations
 d - 8 strawberries
 m - 2 meat rations
Scrolls
 f - 3 scrolls of teleportation {unknown}
 h - a scroll of fear {unknown}
 i - 2 scrolls of magic mapping {unknown}
 l - 3 scrolls of enchant armour {unknown}
 t - 2 scrolls of fog
 u - a scroll of blinking {unknown}
Jewellery
 o - an uncursed amulet of warding {unknown}
 y - an uncursed amulet of resist corrosion {unknown}
Potions
 e - a potion of mutation {unknown}
 g - 4 potions of curing {unknown}
 k - a potion of restore abilities {unknown}
 p - a potion of lignification {unknown}
 q - a potion of cure mutation {unknown}
 v - 2 potions of brilliance {unknown}
 z - a potion of resistance {unknown}


   Skills:
 - Level 3.6 Fighting
 + Level 8.7 Maces & Flails
 - Level 2.4 Armour
 - Level 2.1 Dodging


You had 5 spell levels left.
You didn't know any spells.

Dungeon Overview and Level Annotations

Branches:
Dungeon (5/15)
 Temple: D:4-7

Altars:
Cheibriados
Kikubaaqudgha
Makhleb
Sif Muna

Shops:
D:4 [

Annotations:
D:5 Blork the orc


Innate Abilities, Weirdness & Mutations

You reflexively headbutt those who attack you in melee.
You have a pair of horns on your head.


Message History

Blork the orc gestures at you while chanting.
The puff of frost hits you!
* * * LOW HITPOINT WARNING * * *
Blork the orc looks angry.
Blork the orc gestures wildly while chanting.
You feel troubled.
Blork the orc casts a spell.
You feel a wave of unholy energy pass over you.
The phantom blinks!
There is a stone staircase leading up here.
Blork the orc zaps a wand.
The puff of flame hits you!
* * * LOW HITPOINT WARNING * * *
The phantom hits you but does no damage.
You climb upwards.
There is a stone staircase leading down here.
Use which ability? (? or * to list)
A red film seems to cover your vision as you go berserk!
You feel yourself moving faster!
You feel mighty!
You feel somewhat more hungry. The phantom hits you.
You die...

#..#..###.#####..####.#### ###.#
...#..###.# #..##...# #.#
#..#....#.#####..##...# #.#
#..#....#.#...#.......# ##.##
#.....<.#.#...#.......# #####...#
#.....................###.>.#...#
#.........######............#...#
#..#....).# #.p.............##
#..#......######@####..(.##...##
#.....................#####...#
##........######.###### #####
...#.#.....##....#
...#.#..(..##....##
...#..............#
##.######.#####...# ##.## #...#
#...### #...###...# ###...#####


You could see a phantom.

Vanquished Creatures
  An ogre (D:4)
  A crimson imp (D:2)
  An orc priest (D:5)
  2 orc wizards
  Terence (D:2)
  5 adders
  2 giant geckos
  8 orcs
  A ball python (D:1)
  A bat skeleton (D:4)
  14 goblins
  5 hobgoblins
  5 jackals
  8 kobolds
  A quokka (D:3)
  10 bats
  A giant cockroach (D:2)
  2 giant newts
  9 rats
78 creatures vanquished.

Notes
Turn   | Place    | Note
--------------------------------------------------------------
     0 | D:1      | Heema, the Minotaur Berserker, began the quest for the Orb.
     0 | D:1      | Reached XP level 1. HP: 19/19 MP: 1/1
     9 | D:1      | Reached skill level 4 in Maces & Flails
   185 | D:1      | Reached XP level 2. HP: 26/26 MP: 1/1
   774 | D:1      | Acquired Trog's second power
   811 | D:2      | Reached skill level 5 in Maces & Flails
   940 | D:2      | Reached XP level 3. HP: 31/31 MP: 2/2
  1089 | D:2      | Noticed Terence
  1096 | D:2      | Killed Terence
  1263 | D:2      | Found a burning altar of Makhleb.
  1269 | D:2      | Reached skill level 6 in Maces & Flails
  1269 | D:2      | Reached XP level 4. HP: 32/39 MP: 2/2
  1354 | D:2      | Found an ancient bone altar of Kikubaaqudgha.
  1355 | D:2      | Found a deep blue altar of Sif Muna.
  2078 | D:3      | Reached skill level 7 in Maces & Flails
  2078 | D:3      | Reached XP level 5. HP: 40/45 MP: 2/2
  2546 | D:4      | Found a snail-covered altar of Cheibriados.
  2631 | D:4      | Found Kauculux's Antique Armour Shoppe.
  2769 | D:4      | Noticed an ogre
  2776 | D:4      | Killed an ogre
  2776 | D:4      | Reached skill level 8 in Maces & Flails
  2776 | D:4      | Reached XP level 6. HP: 29/51 MP: 3/3
  3098 | D:5      | Entered Level 5 of the Dungeon
  3310 | D:5      | Noticed Blork the orc
  3331 | D:5      | HP: 1/51 [Blork the orc/wand of flame (6)]
  3333 | D:4      | Slain by a phantom

Action                   |  1- 3 |  4- 6 || total
-------------------------+-------+-------++-------
Melee: Mace              |    60 |   107 ||   167
Invok: Berserk           |     1 |     1 ||     2
       Trog's Hand       |       |     2 ||     2
  Use: Scroll            |       |     1 ||     1
